 Dungeon Crawl Stone Soup version 0.26.1-15-g04117e645d (webtiles) character file.

Game seed: 12155898127486227839

7431866 morax the Skullcrusher (level 27, 273/273 HPs)
             Began as a Minotaur Fighter on Sept 27, 2023.
             Was the Champion of Zin.
             Escaped with the Orb
             ... and 11 runes on Sept 28, 2023!
             The game lasted 02:45:35 (126719 turns).

morax the Skullcrusher (Minotaur Fighter)         Turns: 126719, Time: 02:45:36

Health: 273/273    AC: 48    Str: 47    XL:     27
Magic:  39/39      EV: 24    Int:  9    God:    Zin [******]
Gold:   9367       SH: 26    Dex: 14    Spells: 38/46 levels left

rFire    + + +     SeeInvis .   a - +9 sacred scourge (holy)
rCold    + + +     Faith    +   y - +5 kite shield {rC+}
rNeg     + + +     Spirit   .   Z - +9 crystal plate armour of the Spider Nest {-Cast *Contam rElec rN+++}
rPois    +         Reflect  .   o - +0 hat "Getsipop" {rF+}
rElec    +         Harm     .   M - scarf {rC+ rF+}
rCorr    .         Rampage  .   n - +2 pair of gloves {Str+3}
Will     +++++     NoCast   +   R - +2 pair of boots {run}
Stlth    ..........             p - amulet "Dotwy" {Faith rC+ Str+5 Int+4 Dex-3}
HPRegen  0.55/turn              E - ring "Gusk" {*Slow rElec rPois Str+6 Dex+9}
MPRegen  0.26/turn              A - ring "Tufey" {+Fly rF+ Will+++ Dex-3}

@: quick
A: retaliatory headbutt, horns 2
0: Orb of Zot
}: 11/15 runes: barnacled, slimy, silver, obsidian, abyssal, demonic, glowing,
magical, fiery, dark, gossamer
a: Renounce Religion, Evoke Flight, Recite, Vitalisation, Imprison, Sanctuary,
Donate Gold


You escaped.
You worshipped Zin.
Zin was exalted by your worship.
You visited 14 branches of the dungeon, and saw 72 of its levels.
You visited Pandemonium 1 time, and saw 14 of its levels.
You visited the Abyss 4 times.
You visited 1 ziggurat, and saw 7 of its levels.
You also visited: Ossuary, Gauntlet, Ice Cave and Wizlab.

You collected 16265 gold pieces.
You spent 1590 gold pieces at shops.
You donated 5308 gold pieces to Zin.

Inventory:

Hand Weapons
 a - a +9 sacred scourge of holy wrath (weapon)
 b - the +6 eveningstar of the Coin {flame, +Inv Str+3 Stlth+}
   (Okawaru gifted it to you on level 4 of a ziggurat)

   It has been specially enchanted to burn those struck by it, causing extra
   injury to most foes and up to half again as much damage against particularly
   susceptible opponents.
   It affects your strength (+3).
   It lets you turn invisible.
   It makes you more stealthy.
 f - the +7 great mace "Firestarter" {inner flame, rF++}
   (You found it on level 5 of Gehenna)

   It has been specially enchanted to burn those struck by it, causing extra
   injury to most foes and up to half again as much damage against particularly
   susceptible opponents.
   It greatly protects you from fire.
Armour
 c - the +7 tower shield "Waserho" {Will+}
   (Okawaru gifted it to you on level 3 of the Elven Halls)

   It affects your willpower, your defense against some magical effects.
 n - a +2 pair of gloves of strength (worn)
 o - the +0 hat "Getsipop" (worn) {rF+}
   (Okawaru gifted it to you on level 4 of the Vaults)

   It protects you from fire.
 y - a +5 kite shield of cold resistance (worn)
 M - a scarf of resistance (worn)
 R - a +2 pair of boots of running (worn)
 Z - the +9 crystal plate armour of the Spider Nest (worn) {-Cast *Contam rElec rN+++}
   (Okawaru gifted it to you on level 3 of the Spider Nest)

   It insulates you from electricity.
   It renders you almost immune to negative energy.
   It prevents spellcasting.
   It causes magical contamination when unequipped.
Jewellery
 m - the amulet of the Four Winds {rN+ Will+++ Clar}
   (You found it on level 3 of the Realm of Zot)

   [amulet of nothing]

   It protects you from negative energy.
   It affects your willpower, your defense against some magical effects.
   It protects you against confusion.
 p - the amulet "Dotwy" (around neck) {Faith rC+ Str+5 Int+4 Dex-3}
   (You found it on level 1 of the Depths)

   [amulet of faith]

   It allows you to gain divine favour quickly.
   It affects your strength (+5).
   It affects your intelligence (+4).
   It affects your dexterity (-3).
   It protects you from cold.
 A - the ring "Tufey" (right hand) {+Fly rF+ Will+++ Dex-3}
   (You found it in a wizard's laboratory)

   [ring of flight]

   It affects your dexterity (-3).
   It protects you from fire.
   It affects your willpower, your defense against some magical effects.
   It lets you fly.
 E - the ring "Gusk" (left hand) {*Slow rElec rPois Str+6 Dex+9}
   (You found it on level 4 of the Shoals)

   [ring of strength]

   It affects your strength (+6).
   It affects your dexterity (+9).
   It insulates you from electricity.
   It protects you from poison.
   It may slow you when you take damage.
 G - the ring "Bynn" {+Inv rPois rN+ Will+ Str+3}
   (You took it off a deep elf death mage on level 3 of the Crypt)

   [ring of positive energy]

   It affects your strength (+3).
   It protects you from poison.
   It protects you from negative energy.
   It affects your willpower, your defense against some magical effects.
   It lets you turn invisible.
 L - the ring of the Ancients {rCorr MP+9 Str+4}
   (You found it in Pandemonium)

   [ring of resist corrosion]

   It affects your strength (+4).
   It affects your magic capacity (+9).
   It provides partial protection from all sources of acid and corrosion.
 Q - an uncursed ring of poison resistance
Wands
 z - a wand of flame (90)
 F - a wand of iceblast (29)
 S - a wand of enslavement (22)
 T - a wand of disintegration (39)
 U - a wand of acid (16) (quivered)
 V - a wand of paralysis (62)
 Y - a wand of digging (18)
Scrolls
 h - 44 scrolls of teleportation
 r - 50 scrolls of remove curse
 s - 12 scrolls of identify
 v - 10 scrolls of blinking
 w - 11 scrolls of fear
 x - 3 scrolls of enchant armour
 C - 4 scrolls of brand weapon
 D - 3 scrolls of silence
 H - 15 scrolls of enchant weapon
 I - 14 scrolls of fog
 K - 6 scrolls of summoning
 O - 4 scrolls of holy word
 P - 17 scrolls of amnesia
Potions
 d - 4 potions of might
 e - 4 potions of heal wounds
 g - 6 potions of invisibility
 i - 7 potions of flight
 j - 2 potions of ambrosia
 k - 3 potions of cancellation
 q - 6 potions of haste
 t - 39 potions of curing
 u - 2 potions of berserk rage
 N - 10 potions of brilliance
 W - 5 potions of resistance
 X - 6 potions of magic
Miscellaneous
 J - a lightning rod (4/4)


   Skills:
 O Level 27 Fighting
 - Level 6.2 Long Blades
 O Level 27 Maces & Flails
 O Level 27 Armour
 + Level 24.7 Dodging
 - Level 5.5 Stealth
 O Level 27 Shields
 + Level 10.0 Spellcasting
 + Level 14.6 Fire Magic
 O Level 27 Invocations
 + Level 20.7 Evocations


You had 38 spell levels left.
You knew the following spells:

 Your Spells              Type           Power        Failure   Level
a - Ignition              Fire           15%          100%        8

Your spell library contained the following spells:

 Spells                   Type           Power        Failure   Level
 Foxfire                  Conj/Fire      68%          2%          1
 Conjure Flame            Conj/Fire      17%          7%          3
 Inner Flame              Hex/Fire       17%          7%          3
 Ignite Poison            Fire/Tmut/Pois 13%          19%         3
 Sticky Flame             Conj/Fire      17%          22%         4
 Animate Skeleton         Necr           8%           41%         1
 Apportation              Tloc           8%           41%         1
 Beastly Appendage        Tmut           8%           41%         1
 Corona                   Hex            4%           41%         1
 Magic Dart               Conj           16%          41%         1
 Pain                     Necr           16%          41%         1
 Sandblast                Erth           8%           41%         1
 Shock                    Conj/Air       16%          41%         1
 Sting                    Tmut/Pois      16%          41%         1
 Summon Small Mammal      Summ           16%          41%         1
 Fireball                 Conj/Fire      8%           52%         5
 Blink                    Tloc           N/A          54%         2
 Call Imp                 Summ           4%           54%         2
 Corpse Rot               Necr/Air       N/A          54%         2
 Ensorcelled Hibernation  Hex/Ice        8%           54%         2
 Passwall                 Tmut/Erth      3%           54%         2
 Poisonous Vapours        Pois/Air       8%           54%         2
 Searing Ray              Conj           8%           54%         2
 Slow                     Hex            4%           54%         2
 Sublimation of Blood     Necr           2%           54%         2
 Swiftness                Air            4%           54%         2
 Wereblood                Tmut           4%           54%         2
 Call Canine Familiar     Summ           4%           78%         3
 Confusing Touch          Hex            4%           78%         3
 Dazzling Flash           Conj/Hex       8%           78%         3
 Gell's Gravitas          Tloc           2%           78%         3
 Lesser Beckoning         Tloc           2%           78%         3
 Mephitic Cloud           Conj/Pois/Air  4%           78%         3
 Portal Projectile        Hex/Tloc       8%           78%         3
 Spider Form              Tmut/Pois      2%           78%         3
 Static Discharge         Conj/Air       4%           78%         3
 Stone Arrow              Conj/Erth      8%           78%         3
 Summon Guardian Golem    Hex/Summ       4%           78%         3
 Tukima's Dance           Hex            4%           78%         3
 Vampiric Draining        Necr           2%           78%         3
 Bolt of Magma            Conj/Fire/Erth 6%           86%         5
 Starburst                Conj/Fire      8%           98%         6
 Airstrike                Air            2%           99%         4
 Animate Dead             Necr           2%           99%         4
 Cause Fear               Hex            2%           99%         4
 Dispel Undead            Necr           4%           99%         4
 Fulminant Prism          Conj/Hex       2%           99%         4
 Ice Form                 Ice/Tmut       4%           99%         4
 Iskenderun's Mystic Bla  Conj/Tloc      4%           99%         4
 Leda's Liquefaction      Hex/Erth       2%           99%         4
 Olgreb's Toxic Radiance  Pois           4%           99%         4
 Petrify                  Tmut/Erth      4%           99%         4
 Summon Ice Beast         Ice/Summ       4%           99%         4
 Summon Lightning Spire   Summ/Air       4%           99%         4
 Agony                    Necr           4%           100%        5
 Alistair's Intoxication  Tmut/Pois      2%           100%        5
 Blade Hands              Tmut           2%           100%        5
 Borgnjor's Vile Clutch   Necr/Erth      2%           100%        5
 Excruciating Wounds      Necr           2%           100%        5
 Irradiate                Conj/Tmut      2%           100%        5
 Iskenderun's Battlesphe  Conj           4%           100%        5
 Lee's Rapid Deconstruct  Erth           2%           100%        5
 Lightning Bolt           Conj/Air       2%           100%        5
 Metabolic Englaciation   Hex/Ice        2%           100%        5
 Silence                  Hex/Air        2%           100%        5
 Summon Forest            Summ/Tloc      2%           100%        5
 Summon Mana Viper        Hex/Summ       4%           100%        5
 Yara's Violent Unravell  Hex/Tmut       2%           100%        5
 Conjure Ball Lightning   Conj/Air       2%           100%        6
 Death Channel            Necr           2%           100%        6
 Eringya's Noxious Bog    Tmut/Pois      2%           100%        6
 Freezing Cloud           Conj/Ice/Air   2%           100%        6
 Hydra Form               Tmut           2%           100%        6
 Invisibility             Hex            4%           100%        6
 Iron Shot                Conj/Erth      2%           100%        6
 Shadow Creatures         Summ           N/A          100%        6
 Simulacrum               Ice/Necr       2%           100%        6
 Statue Form              Tmut/Erth      2%           100%        6
 Dragon Form              Tmut           2%           100%        7
 Haunt                    Necr/Summ      2%           100%        7
 Malign Gateway           Summ/Tloc      2%           100%        7
 Orb of Destruction       Conj           2%           100%        7
 Spellforged Servitor     Conj/Summ      2%           100%        7
 Summon Hydra             Summ           2%           100%        7
 Borgnjor's Revivificati  Necr           2%           100%        8
 Chain Lightning          Conj/Air       2%           100%        8
 Discord                  Hex            2%           100%        8
 Disjunction              Tloc           2%           100%        8
 Infestation              Necr           2%           100%        8
 Lehudib's Crystal Spear  Conj/Erth      2%           100%        8
 Necromutation            Tmut/Necr      2%           100%        8
 Absolute Zero            Ice            2%           100%        9
 Death's Door             Necr           2%           100%        9
 Dragon's Call            Summ           2%           100%        9
 Fire Storm               Conj/Fire      8%           100%        9
 Shatter                  Erth           2%           100%        9
 Tornado                  Air            2%           100%        9


Dungeon Overview and Level Annotations

Branches:
Dungeon (15/15)            Temple (0/1) D:7            Lair (6/6) D:10
 Shoals (4/4) Lair:3       Spider (4/4) Lair:2        Slime (5/5) Lair:5
    Orc (2/2) D:12            Elf (3/3) Orc:2        Vaults (5/5) D:13
  Crypt (3/3) Vaults:3       Tomb (0/3) Crypt:3      Depths (5/5) D:15
   Hell (visited)             Dis (0/7) Hell            Geh (7/7) Hell
    Coc (0/7) Hell            Tar (7/7) Hell            Zot (5/5) Depths:5
Ossuary (visited)           IceCv (visited)          WizLab (visited)
Gauntlet (visited)

Altars:
Cheibriados
Elyvilon
Kikubaaqudgha
Makhleb
Nemelex Xobeh
Okawaru
Sif Muna
Uskayaw
Xom
Zin
The Shining One
Beogh
Lugonu

Shops:
D:6 !   D:8 }   D:9 (   D:10 =   D:15 ?   Orc:2 (([(   Elf:1 *   Elf:2 !
Shoals:4 :   Depths:2 =}=

Portals:
Hell: Depths:1 Depths:2 Depths:3 Depths:4 Depths:5
Abyss: Depths:1 Depths:3 Depths:4
Pandemonium: Depths:1 Depths:3 Depths:4

Annotations:
D:2 Grinder
D:3 Sigmund
D:6 1 runed translucent door
Lair:3 exclusion: oklob plant
Zot:4 1 transporter


Innate Abilities, Weirdness & Mutations

You reflexively headbutt those who attack you in melee.
You have a pair of horns on your head.


Message History

You climb upwards.
There is a stone staircase leading down here.
(D) Dungeon (T) Temple (L) Lair (A) Shoals (N) Spider Nest (M) Slime Pits (O) Orcish Mines (E) Elven Halls (V) Vaults (C) Crypt (W) Tomb (U) Depths (H) Hell (I) Dis (G) Gehenna (X) Cocytus (Y) Tartarus (Z) Zot
Where to? (Enter - D:1, ? - help)
Okay, then.
(D) Dungeon (T) Temple (L) Lair (A) Shoals (N) Spider Nest (M) Slime Pits (O) Orcish Mines (E) Elven Halls (V) Vaults (C) Crypt (W) Tomb (U) Depths (H) Hell (I) Dis (G) Gehenna (X) Cocytus (Y) Tartarus (Z) Zot
Where to? (Enter - D:1, ? - help)
Okay, then.
There is an open door here.
There is an open door here.
There is a staircase leading out of the dungeon here.
You have escaped!

#.##.# #.###########..# #
#.##.#####.........############
###.##.##...####'####...##.......
÷.....##.#### #...# ####.########
####.##.## #...# ##.#####
#.##.#### ###'########.##..#
#.#.##≈.###.....##..≈##.##.#
#.#.#≈≈..#.......#..≈≈#.##.#
#...#≈≈..'...@...'..≈≈#....#
###.#≈≈..#.......#..≈≈#.#..#
#.##≈.###..(..##..≈##.##.#
##.#### ###+########.###.# #.##
#...# ##.##..# ##.#### #...#
####.###.##
########...####'####...## #.#
##.[....####.........#### #.## #
.....#### ###########..# #..###


There were no monsters in sight!

Vanquished Creatures
  Cerebov (Pan)
  Asmodeus (Geh:7)
  the Royal Jelly (Slime:5)
  9 pandemonium lords
  Mnoleg (Pan)
  Lom Lobon (Pan)
  Gloorx Vloq (Pan)
  Tiamat (Zot:2)
  3 orbs of fire (Zot:5)
  Mennas (Crypt:1)
  The ghost of Jofris Vesimp the Sniper, a legendary GnFE of Sif Muna (Zot:1)
  10 ancient liches
  Saint Roka (Vaults:3)
  Bai Suzhen (Elf:3)
  Geryon (Hell)
  2 Killer Klowns (Zot:5)
  A curse toe (Zot:4)
  The ghost of Vailuoroe the Devastator, a veteran GrEE of Lugonu (Crypt:1)
  21 golden dragons
  12 bone dragons
  A profane servitor (Crypt:3)
  10 doom hounds
  24 Brimstone Fiends
  A Cloud Mage (WizLab)
  A hellephant (Hell)
  25 Tzitzimimeh
  3 electric golems
  20 Hell Sentinels
  26 Orb Guardians
  8 liches
  22 tentacled monstrosities
  2 Ice Fiends (Pan)
  6 quicksilver dragons
  17 titans
  8 deep elf blademasters
  21 acid blobs
  6 death cobs
  8 tentacled starspawn
  Frances (Spider:2)
  4 sphinxes
  An eldritch tentacle (Pan)
  An acid blob (shapeshifter) (D:10)
  6 deep elf master archers
  23 Executioners
  4 ancient champions
  A sphinx (shapeshifter) (Vaults:5)
  29 storm dragons
  20 shadow dragons
  14 warmongers
  7 tengu reavers
  9 draconian monks
  8 blood saints
  14 azure jellies
  11 deep elf sorcerers
  3 revenants
  21 vault wardens
  Louise (Spider:1)
  3 iron dragons
  3 ghost moths (Spider:4)
  2 orc warlords (Orc:2)
  8 emperor scorpions
  25 fire giants
  9 draconian knights
  20 frost giants
  4 draconian scorchers
  29 cacodemons
  The ghost of PigKeeper the Black Belt, a journeyman MfTm of Elyvilon (D:13)
  36 balrugs
  4 curse skulls
  2 spriggan defenders (Depths:2)
  4 deep elf elementalists
  5 draconian annihilators
  17 ironheart preservers
  4 ghouls
  5 draconian shifters
  26 very ugly things
  70 reapers
  5 draconian stormcallers
  4 war gargoyles
  An ophan (Abyss:2)
  Nessos (D:15)
  12 vampire knights
  9 deep elf demonologists
  32 stone giants
  4 corrupters (Pan)
  8 black draconians
  7 green draconians
  6 black suns (Pan)
  The ghost of Tacit the Basher, a journeyman GrMo of Gozag (Spider:4)
  14 deep elf annihilators
  8 yellow draconians
  8 red draconians
  12 white draconians
  Azrael (Elf:1)
  3 dire elephants
  6 entropy weavers
  9 spark wasps
  14 purple draconians
  2 merfolk javelineers
  25 green deaths
  12 lorocyprocas (Pan)
  A minotaur (Gauntlet)
  2 eidola
  19 ettins
  35 blizzard demons
  8 deep elf death magi
  6 quicksilver dragon zombies
  7 death oozes
  5 merfolk impalers
  24 jiangshi
  15 great orbs of eyes
  19 fire dragons
  36 vault guards
  14 yaktaur captains
  6 deep elf high priests
  8 quicksilver dragon skeletons
  24 ice dragons
  12 ogre magi
  4 ghost crabs
  13 rakshasas
  2 hell beasts (Pan)
  7 hydras
  5 monstrous demonspawn (Pan)
  6 spriggan air magi
  7 boulder beetles
  An anaconda (shapeshifter) (Depths:2)
  A catoblepas (Lair:6)
  9 death knights
  39 two-headed ogres
  5 merfolk aquamancers
  Erica (D:11)
  4 merfolk avatars
  10 centaur warriors
  6 deep troll earth magi
  A satyr (shapeshifter) (Vaults:5)
  26 dancing weapons
  A spectral frost giant (Crypt:3)
  6 deep troll shamans
  3 death yaks (Lair:6)
  5 satyrs
  8 tengu warriors
  2 orc high priests (Orc:2)
  40 soul eaters
  84 sun demons
  6 vampire magi
  4 thrashing horrors
  2 spriggan berserkers
  2 shock serpents (WizLab)
  35 hell hogs
  24 deep elf knights
  5 titan zombies
  5 iron golems
  Nergalle (Lair:1)
  9 wretched stars
  57 hell knights
  8 titan skeletons
  4 spatial maelstroms
  An iron troll (Depths:5)
  3 salamander mystics
  6 storm dragon zombies
  7 shadow wraiths
  35 sixfirhies
  119 skeletal warriors
  8 infernal demonspawn
  2 spark wasp zombies (Hell)
  23 flayed ghosts
  5 storm dragon skeletons
  A glowing orange brain (shapeshifter) (Vaults:5)
  8 sea snakes
  3 unseen horrors
  7 anaconda zombies
  16 deep trolls
  11 shadow demons
  9 torturous demonspawn
  2 golden dragon zombies
  2 bog bodies (Crypt:1)
  An iron giant skeleton (Crypt:1)
  A swamp dragon (shapeshifter) (Depths:4)
  A death drake (Zot:2)
  33 starcursed masses
  11 gelid demonspawn
  18 glowing orange brains
  9 wizards
  8 orc knights
  4 lindwurms
  6 anaconda skeletons
  23 deep elf archers
  22 phantasmal warriors
  17 ironbrand convokers
  A harpy (shapeshifter) (Depths:2)
  5 golden dragon skeletons
  4 wolf spider zombies
  A bunyip skeleton (Crypt:2)
  8 harpies
  2 orb spiders (shapeshifter)
  22 orb spiders
  32 necromancers
  7 orc sorcerers
  6 shadow dragon zombies
  9 stone giant zombies
  6 iron dragon zombies
  9 frost giant zombies
  8 shining eyes
  49 wolf spiders
  6 shadow dragon skeletons
  83 deep elf magi
  35 ugly things
  26 fauns
  A tengu skeleton (Depths:4)
  10 cyclopes
  14 manticores
  2 salamanders (shapeshifter)
  8 salamanders
  8 fire giant zombies
  4 iron dragon skeletons
  3 worldbinders (Abyss:2)
  A moth of wrath (shapeshifter) (Vaults:4)
  24 moths of wrath
  5 merfolk sirens
  A titan simulacrum (Crypt:3)
  17 rust devils
  5 apocalypse crabs
  5 stone giant skeletons
  3 ice statues
  3 black mambas
  An eye of devastation (shapeshifter) (D:14)
  2 elephants (Lair:6)
  7 fire giant skeletons
  5 dire elephant zombies
  A guardian serpent (shapeshifter) (Depths:4)
  A guardian serpent (Abyss:3)
  2 catoblepas zombies
  12 molten gargoyles
  5 eyes of devastation
  A cane toad (shapeshifter) (Vaults:2)
  44 orange demons
  10 vault sentinels
  A gargoyle (D:12)
  A storm dragon simulacrum (Vaults:3)
  7 water nymphs
  2 spriggan skeletons
  4 frost giant skeletons
  3 spriggan zombies (Hell)
  A red draconian zombie (Crypt:1)
  5 spectral swamp worms (Depths:2)
  A pale draconian zombie (Crypt:2)
  4 human zombies
  Maggie (Lair:1)
  78 smoke demons
  3 torpor snails
  3 minotaur zombies
  A purple draconian zombie (Tar:3)
  6 cane toads
  2 emperor scorpion zombies
  8 dire elephant skeletons
  53 hellions
  24 freezing wraiths
  4 rime drakes (Lair:6)
  A purple draconian skeleton (Tar:2)
  49 yaktaurs
  A kobold demonologist (D:8)
  14 efreet
  5 harpy zombies
  4 yaktaur zombies (Hell)
  6 hydra zombies
  An anaconda simulacrum (IceCv)
  2 guardian mummies
  34 tormentors
  10 komodo dragons
  2 catoblepas skeletons (Geh:7)
  27 ice devils
  4 silent spectres
  A human skeleton (Vaults:1)
  4 tengu conjurers
  A wind drake (shapeshifter) (Abyss:2)
  6 ancient zymes (Abyss:2)
  2 golden dragon simulacra
  A black draconian skeleton (Tar:2)
  37 hellwings
  27 demonic crawlers
  10 trolls
  40 red devils
  4 meliai
  A jumping spider (shapeshifter) (Vaults:4)
  57 large abominations
  24 merfolk
  20 hornets
  2 meliai (shapeshifter)
  19 blink frogs
  5 polar bears
  A hornet (shapeshifter) (Vaults:2)
  A harpy skeleton (Tar:5)
  28 wind drakes
  Prince Ribbit (D:7)
  39 jumping spiders
  4 ice dragon zombies
  10 dream sheep (Lair:6)
  2 hydra skeletons (Geh:7)
  30 raiju
  11 ettin zombies
  6 fire dragon zombies
  66 slime creatures
  27 small abominations
  2 blink frogs (shapeshifter)
  A deep troll zombie (Hell)
  2 alligator zombies
  5 snapping turtles
  An iron dragon simulacrum (Hell)
  13 air elementals
  A shock serpent simulacrum (Crypt:1)
  96 redbacks
  15 water elementals
  5 black mamba zombies
  133 flying skulls
  44 shadows
  2 alligator skeletons
  32 wraiths
  3 wyverns
  45 ynoxinuls
  3 dire elephant simulacra
  3 spriggans (D:13)
  5 ettin skeletons
  8 fire dragon skeletons
  36 tarantellas
  3 yaks (shapeshifter)
  2 elf zombies
  2 vampires
  7 basilisks
  A black mamba skeleton (Geh:6)
  31 yaks
  56 fire elementals
  8 golden eyes (Pan)
  45 neqoxecs
  7 fire bats (Geh:5)
  7 vampire mosquitoes
  2 human simulacra
  30 chaos spawn
  A steam dragon (Lair:3)
  2 harpy simulacra (IceCv)
  An iron troll simulacrum (IceCv)
  2 wargs
  5 cane toad zombies
  8 spatial vortices
  8 acid dragons
  3 hydra simulacra (IceCv)
  95 hell hounds
  A soldier ant (D:6)
  2 merfolk skeletons
  11 water moccasins
  A floating eye (Slime:5)
  54 orc warriors
  2 cane toad skeletons
  2 ettin simulacra
  3 snapping turtle zombies
  An alligator simulacrum (Hell)
  3 eyes of draining
  10 phantoms
  6 black bears
  5 sky beasts
  A swamp dragon zombie (Geh:3)
  38 necrophages
  A black bear (shapeshifter) (Vaults:2)
  33 ogres
  2 boggarts
  4 manticore zombies
  18 wolves
  3 manticore skeletons
  23 centaurs
  9 snapping turtle skeletons
  11 big kobolds
  14 bullfrogs
  A glowing shapeshifter simulacrum (Depths:4)
  A yaktaur skeleton (Vaults:1)
  2 elf skeletons
  A draconian skeleton (Crypt:2)
  5 earth elementals
  A wyvern skeleton (D:11)
  6 scorpions
  A shapeshifter zombie (Crypt:2)
  A yak zombie (Crypt:1)
  A snapping turtle simulacrum (Tar:5)
  A killer bee (shapeshifter) (Abyss:2)
  A troll zombie (D:12)
  19 killer bees
  12 howler monkeys
  80 wights
  4 electric eels
  13 crimson imps
  3 centaur zombies
  4 quasits
  9 hounds
  A bullfrog skeleton (D:4)
  2 bullfrog zombies
  8 jellies
  24 orc priests
  35 orc wizards
  2 soldier ant zombies
  3 centaur skeletons
  6 iguanas
  3 iron imps
  A demonspawn skeleton (Crypt:1)
  Terence (D:2)
  17 worker ants
  A big kobold zombie (Ossuary)
  A naga zombie (Geh:7)
  8 ogre zombies
  A tengu zombie (Tar:5)
  A demigod skeleton (Crypt:1)
  A naga skeleton (Geh:7)
  A hound skeleton (D:11)
  8 mummies
  2 howler monkey zombies
  9 adders
  4 gnolls
  23 shadow imps
  4 white imps
  6 ufetubi
  3 oozes
  3 adder skeletons
  5 worms
  6 dart slugs
  5 leopard geckos
  122 orcs
  2 bat zombies (D:8)
  6 giant cockroaches
  2 gnoll zombies (Ossuary)
  13 goblins
  4 hobgoblins
  4 jackals (D:11)
  47 kobolds
  6 quokkas
  A river rat zombie (Crypt:1)
  3 ball pythons
  9 bats
  A frilled lizard (D:1)
  A giant cockroach zombie (D:4)
  3 goblin skeletons (D:12)
  5 goblin zombies
  3 hobgoblin zombies
  15 kobold skeletons
  6 kobold zombies (D:8)
  4 orc skeletons
  18 orc zombies
  8 rats
  A butterfly (D:6)
  5 crawling corpses
  2 fire vortices (Pan)
  3 pillars of salt
  5 starspawn tentacles
5142 creatures vanquished.

Vanquished Creatures (collateral kills)
  An anaconda skeleton (Geh:3)
  A flying skull (Geh:3)
  A shadow (Geh:3)
  A wight (Geh:3)
4 creatures vanquished.

Vanquished Creatures (others)
  An eldritch tentacle (Abyss:3)
  A black draconian (Zot:3)
  An ettin (Depths:2)
  A two-headed ogre (Depths:1)
  A death drake (WizLab)
  A glowing orange brain (Pan)
  A phantasmal warrior (Vaults:5)
  An apocalypse crab (WizLab)
  An orange demon (Pan)
  A jumping spider (Spider:2)
  A small abomination (Abyss:2)
  An ettin skeleton (Geh:2)
  A shadow (Geh:3)
  A hell hound (Geh:4)
  2 boggarts
  A wight (Geh:3)
  A quasit (Abyss:2)
  A white imp (Abyss:2)
  2 orcs (Vaults:5)
  An orc skeleton (Geh:4)
  20 ball lightnings
  2 crawling corpses (Elf:3)
  20 demonic plants (Gauntlet)
  15 fungi
  4 lurking horrors
  19 pillars of salt
  248 plants
  15 starspawn tentacles
365 creatures vanquished.

Grand Total: 5511 creatures vanquished

Notes
Turn   | Place    | Note
-------+----------+-------------------------------------------
     0 | D:1      | morax the Minotaur Fighter began the quest for the Orb.
     0 | D:1      | Reached XP level 1. HP: 19/19 MP: 0/0
   240 | D:1      | Reached XP level 2. HP: 26/26 MP: 1/1
   901 | D:2      | Reached XP level 3. HP: 30/31 MP: 2/2
  1015 | D:2      | Found a faded altar of an unknown god.
  1045 | D:2      | Noticed Terence
  1060 | D:2      | Killed Terence
  1061 | D:2      | Reached skill level 5 in Long Blades
  1147 | D:2      | Reached XP level 4. HP: 28/39 MP: 3/3
  1960 | D:3      | Reached XP level 5. HP: 42/45 MP: 4/4
  1964 | D:3      | Reached skill level 1 in Maces & Flails
  2044 | D:3      | Noticed Grinder
  2134 | D:2      | Paralysed by Grinder for 4 turns
  2258 | D:3      | Noticed Sigmund
  2877 | D:4      | HP: 2/45 [poisoned by an orc wizard]
  2884 | D:4      | HP: 1/45 [poisoned by an orc wizard]
  3319 | D:4      | Found Zin's Purification Station.
  3322 | D:4      | Found a glowing silver altar of Zin.
  3325 | D:4      | Bought a potion of curing for 90 gold pieces
  3380 | D:4      | Reached XP level 6. HP: 50/51 MP: 5/5
  3435 | D:4      | Reached skill level 5 in Maces & Flails
  4090 | D:5      | Entered Level 5 of the Dungeon
  4090 | D:5      | Found a glowing golden altar of the Shining One.
  4090 | D:5      | Noticed a sky beast
  4099 | D:4      | Killed a sky beast
  4328 | D:5      | Reached XP level 7. HP: 57/57 MP: 6/6
  4955 | D:5      | Found an iron altar of Okawaru.
  4977 | D:5      | Became a worshipper of Warmaster Okawaru
  5139 | D:6      | Found a sand-covered staircase.
  5147 | D:5      | Reached skill level 1 in Invocations
  5332 | D:5      | Reached XP level 8. HP: 45/64 MP: 8/8
  5447 | Ossuary  | Entered an ossuary
  5733 | Ossuary  | Reached * piety under Okawaru
  5895 | D:6      | Gained mutation: You possess an exceptional clarity of
                  | mind. [potion of mutation]
  5895 | D:6      | Gained mutation: You have a pair of large horns on your
                  | head. [potion of mutation]
  5895 | D:6      | Gained mutation: You are agile. (Dex +2) [potion of
                  | mutation]
  6115 | D:6      | Found a white marble altar of Elyvilon.
  6311 | D:6      | Found a runed translucent door.
  6316 | D:6      | Found a runed translucent door.
  6417 | D:6      | Found a shimmering blue altar of Sif Muna.
  6422 | D:6      | Reached skill level 10 in Maces & Flails
  6539 | D:6      | Found Faopegi's Distillery.
  6547 | D:6      | Bought a potion of heal wounds for 60 gold pieces
  6547 | D:6      | Bought a potion of heal wounds for 60 gold pieces
  6547 | D:6      | Bought a potion of heal wounds for 60 gold pieces
  7448 | D:7      | Reached ** piety under Okawaru
  7508 | D:7      | Noticed Prince Ribbit
  7533 | D:7      | Killed Prince Ribbit
  7534 | D:7      | Reached XP level 9. HP: 64/70 MP: 11/11
  7646 | D:7      | Found a staircase to the Ecumenical Temple.
  7696 | D:7      | Reached skill level 5 in Invocations
  8117 | D:7      | Found a shimmering altar of Xom.
  8224 | D:7      | Found a burning altar of Makhleb.
  8226 | D:7      | Noticed a green death
  8353 | D:7      | Reached *** piety under Okawaru
  8712 | D:8      | Found Nietyir's Gadget Boutique.
  8788 | D:8      | Reached XP level 10. HP: 55/77 MP: 13/13
  8844 | D:8      | Noticed a smoke demon
  9355 | D:8      | Noticed a smoke demon
  9555 | D:8      | Reached **** piety under Okawaru
  9622 | D:8      | Reached skill level 1 in Dodging
  9846 | D:8      | Found an ancient bone altar of Kikubaaqudgha.
 10015 | D:8      | Found an ancient bone altar of Kikubaaqudgha.
 10128 | D:9      | Found Yschitong's Weapon Emporium.
 10138 | D:9      | Reached skill level 1 in Evocations
 10201 | D:9      | Reached skill level 1 in Stealth
 10481 | D:9      | Noticed a two-headed ogre
 10496 | D:9      | Killed a two-headed ogre
 10496 | D:9      | Reached ***** piety under Okawaru
 10530 | D:9      | Found a sparkling altar of Nemelex Xobeh.
 10958 | D:10     | Entered Level 10 of the Dungeon
 10979 | D:10     | Found a staircase to the Lair.
 11003 | D:10     | Received a gift from Okawaru
 11009 | D:10     | Reached skill level 5 in Armour
 11009 | D:10     | Reached skill level 5 in Shields
 11102 | D:10     | Found Sucs's Jewellery Boutique.
 11116 | D:10     | Reached skill level 5 in Fighting
 11180 | D:10     | Reached XP level 11. HP: 77/86 MP: 15/15
 11230 | D:10     | Noticed a harpy
 11232 | D:10     | Found a corrupted altar of Lugonu.
 11232 | D:10     | Noticed a thrashing horror
 11236 | D:10     | Found a transporter.
 11692 | D:10     | Found a hide-covered altar of Uskayaw.
 11722 | D:10     | Found a transporter.
 11894 | D:11     | Noticed Erica
 12051 | D:11     | Killed Erica
 12110 | D:11     | Received a gift from Okawaru
 12167 | D:11     | Noticed a purple ugly thing
 12715 | D:11     | Killed a purple ugly thing
 12716 | D:11     | Reached skill level 15 in Maces & Flails
 12867 | D:11     | Killed an unseen horror
 13196 | D:12     | Noticed a boulder beetle
 13209 | D:12     | Killed a boulder beetle
 13209 | D:12     | Reached ****** piety under Okawaru
 13307 | D:12     | Received a gift from Okawaru
 13319 | D:12     | Found a gate leading to a gauntlet.
 13385 | Gauntlet | Entered a Gauntlet
 13385 | Gauntlet | Found a transporter.
 13385 | Gauntlet | Found a transporter.
 13386 | Gauntlet | Found a transporter.
 13389 | Gauntlet | Found a transporter.
 13390 | Gauntlet | Found a transporter.
 13399 | Gauntlet | Noticed a wolf spider
 13401 | Gauntlet | Found a transporter.
 13466 | Gauntlet | Found a transporter.
 13475 | Gauntlet | Noticed an oklob plant
 13476 | Gauntlet | Found a transporter.
 13491 | Gauntlet | Found a transporter.
 13499 | Gauntlet | Noticed a queen ant
 13501 | Gauntlet | Found a transporter.
 13516 | Gauntlet | Found a transporter.
 13522 | Gauntlet | Found a transporter.
 13780 | Gauntlet | Got a translucent hat
 13829 | Gauntlet | Killed a wolf spider
 13872 | Gauntlet | Identified the +11 scimitar of Nemelex Xobeh's Grace
                  | {freeze, rF+}
 13872 | Gauntlet | Identified the ring of Feefres {rF+ rN++}
 13872 | Gauntlet | Noticed a minotaur
 13895 | Gauntlet | Killed a minotaur
 13998 | Gauntlet | Reached XP level 12. HP: 36/97 MP: 16/16
 14246 | Gauntlet | Got an ancient mace
 14247 | Gauntlet | Identified the +7 mace of the Real Monster {flame, +Rage
                  | rElec Will++ Dex+3} (You found it in a Gauntlet)
 14486 | D:12     | Received a gift from Okawaru
 14826 | D:12     | Identified the +1 great mace "Spiderslayer" {flame, rPois}
                  | (Okawaru gifted it to you on level 12 of the Dungeon)
 14846 | D:12     | Found a staircase to the Orcish Mines.
 14934 | D:12     | Reached skill level 5 in Dodging
 15229 | D:12     | Got an ichor-stained scale mail
 15239 | D:12     | Identified the +3 scale mail "Banadat" {Rampage rElec
                  | Regen+} (You found it on level 12 of the Dungeon)
 15921 | Lair:1   | Entered Level 1 of the Lair of Beasts
 15939 | Lair:1   | Noticed Maggie
 15945 | Lair:1   | Killed Maggie
 16154 | Lair:1   | Noticed Nergalle
 16167 | Lair:1   | Killed Nergalle
 16167 | Lair:1   | Received a gift from Okawaru
 16472 | Lair:1   | Noticed an eight-headed hydra
 16479 | Lair:1   | Killed an eight-headed hydra
 16953 | Lair:2   | Found a hole to the Spider Nest.
 17448 | Lair:2   | Identified a scroll of acquirement
 17627 | Lair:2   | Acquired 665 gold pieces
 17747 | Lair:3   | Reached skill level 5 in Stealth
 17818 | Lair:3   | Reached XP level 13. HP: 58/107 MP: 18/18
 17943 | Lair:3   | Reached skill level 5 in Evocations
 18446 | Lair:3   | Found a staircase to the Shoals.
 19391 | Lair:5   | Found a staircase to the Slime Pits.
 19623 | Lair:5   | Received a gift from Okawaru
 20288 | Lair:6   | Entered Level 6 of the Lair of Beasts
 21153 | Lair:6   | Noticed a dire elephant
 21175 | Lair:6   | Reached XP level 14. HP: 118/118 MP: 19/19
 21671 | Lair:6   | Received a gift from Okawaru
 21672 | Lair:6   | Reached skill level 10 in Armour
 21672 | Lair:6   | Reached skill level 10 in Shields
 21774 | Lair:6   | Identified the Incunabulum of the Birds and the Blaze
 22037 | Orc:1    | Entered Level 1 of the Orcish Mines
 22104 | Orc:2    | Entered Level 2 of the Orcish Mines
 22169 | Orc:2    | Found a roughly hewn altar of Beogh.
 22206 | Orc:2    | Found a staircase to the Elven Halls.
 22313 | Orc:2    | Found a roughly hewn altar of Beogh.
 22362 | Orc:2    | Noticed an orc warlord
 22708 | Orc:2    | Found a roughly hewn altar of Beogh.
 22709 | Orc:2    | Found Juuptisch's Antique Weapon Shoppe.
 22800 | Orc:2    | Found a roughly hewn altar of Beogh.
 22855 | Orc:2    | Found a roughly hewn altar of Beogh.
 22965 | Orc:2    | Killed an orc warlord
 23303 | Orc:2    | Noticed an orc warlord
 23388 | Orc:2    | Killed an orc warlord
 23388 | Orc:2    | Received a gift from Okawaru
 23626 | Orc:2    | Found a roughly hewn altar of Beogh.
 23626 | Orc:2    | Found Kuihumem's Antique Armour Shoppe.
 23650 | Orc:2    | Found Ucliefat's Antique Weapon Emporium.
 23657 | Orc:2    | Bought an embroidered scarf for 192 gold pieces
 23753 | Orc:2    | Found a roughly hewn altar of Beogh.
 23754 | Orc:2    | Found Pestupno's Antique Weapon Boutique.
 25031 | D:13     | Found a gate to the Vaults.
 25488 | D:13     | Found a runed translucent door.
 25491 | D:13     | Identified the +6 trident "Caaw" {speed, rC+ Str-2 SInv}
 25493 | D:13     | Noticed PigKeeper's ghost (journeyman MfTm)
 25631 | D:14     | Reached skill level 10 in Fighting
 25653 | D:13     | Received a gift from Okawaru
 25750 | D:14     | Reached XP level 15. HP: 126/126 MP: 21/21
 25901 | D:13     | Reached skill level 10 in Invocations
 26188 | D:13     | Lost mutation: You have a pair of large horns on your head.
                  | [potion of mutation]
 26188 | D:13     | Lost mutation: You possess an exceptional clarity of mind.
                  | [potion of mutation]
 26188 | D:13     | Gained mutation: You are robust. (+10% HP) [potion of
                  | mutation]
 26188 | D:13     | Gained mutation: You passively map a small area around you.
                  | [potion of mutation]
 26188 | D:13     | Gained mutation: You expend magic power (3 MP) to
                  | strengthen your wands. [potion of mutation]
 27919 | D:15     | Entered Level 15 of the Dungeon
 27963 | D:15     | Found a snail-covered altar of Cheibriados.
 27975 | D:15     | Noticed Nessos
 27983 | D:15     | Killed Nessos
 28159 | D:15     | Received a gift from Okawaru
 28392 | D:15     | Found Usofep's Magic Scroll Shoppe.
 28403 | D:15     | Bought a scroll of enchant armour for 75 gold pieces
 28403 | D:15     | Bought a scroll of enchant armour for 75 gold pieces
 28403 | D:15     | Bought a scroll of teleportation for 30 gold pieces
 28403 | D:15     | Bought a scroll of teleportation for 30 gold pieces
 28500 | D:15     | Found a staircase to the Depths.
 29102 | Spider:1 | Entered Level 1 of the Spider Nest
 30189 | Spider:1 | Noticed Louise
 30208 | Spider:1 | Killed Louise
 30823 | Spider:2 | Reached XP level 16. HP: 144/150 MP: 22/22
 31377 | Spider:2 | Received a gift from Okawaru
 31726 | Spider:2 | Noticed Frances
 31733 | Spider:2 | Killed Frances
 32362 | Spider:2 | Reached skill level 10 in Dodging
 32689 | Spider:3 | Received a gift from Okawaru
 32693 | Spider:3 | Paralysed by a hornet for 2 turns
 33096 | Spider:3 | Got a bloodstained crystal plate armour {god gift}
 33217 | Spider:2 | Identified the +9 crystal plate armour of the Spider Nest
                  | {-Cast *Contam rElec rN+++} (Okawaru gifted it to you on
                  | level 3 of the Spider Nest)
 33232 | Spider:2 | Gained mutation: Scrolls take you a little longer to read.
                  | [mutagenic glow]
 33568 | Spider:4 | Entered Level 4 of the Spider Nest
 33928 | Spider:4 | Found a runed translucent gate.
 33928 | Spider:4 | Found a runed translucent gate.
 33928 | Spider:4 | Found a runed translucent gate.
 34080 | Spider:4 | Noticed Tacit's ghost (journeyman GrMo)
 34561 | Spider:4 | Killed Tacit's ghost
 34932 | Spider:4 | Reached XP level 17. HP: 158/160 MP: 24/24
 35773 | Spider:4 | Received a gift from Okawaru
 36426 | Spider:4 | Got a gossamer rune of Zot
 36664 | Shoals:1 | Entered Level 1 of the Shoals
 38239 | Shoals:2 | Received a gift from Okawaru
 39601 | Shoals:3 | Reached skill level 15 in Shields
 39794 | Shoals:3 | Reached skill level 15 in Armour
 39998 | Shoals:3 | Received a gift from Okawaru
 40675 | Shoals:4 | Entered Level 4 of the Shoals
 41234 | Shoals:4 | Reached XP level 18. HP: 166/172 MP: 13/25
 41505 | Shoals:4 | Found Mavvat's Book Shop.
 41585 | Shoals:4 | Received a gift from Okawaru
 41825 | Shoals:4 | Got a barnacled rune of Zot
 42140 | Shoals:4 | Got a sparkling golden ring
 42500 | Vaults:1 | Entered Level 1 of the Vaults
 42587 | Vaults:1 | Identified the ring "Gusk" {*Slow rElec rPois Str+6 Dex+9}
                  | (You found it on level 4 of the Shoals)
 42948 | Vaults:1 | Received a gift from Okawaru
 43333 | Vaults:1 | Paralysed by an ogre mage for 6 turns
 43340 | Vaults:1 | Paralysed by an ogre mage for 7 turns
 44285 | Vaults:1 | Received a gift from Okawaru
 44296 | Vaults:1 | Identified the +0 double sword "Lodei" {drain, *Contam
                  | +Blink +Fly rPois} (Okawaru gifted it to you on level 1 of
                  | the Vaults)
 44876 | Vaults:2 | Reached XP level 19. HP: 184/184 MP: 27/27
 45125 | Vaults:2 | Received a gift from Okawaru
 46402 | Vaults:2 | Reached skill level 15 in Fighting
 46742 | Vaults:3 | Noticed Saint Roka
 46786 | Vaults:3 | Killed Saint Roka
 46786 | Vaults:3 | Received a gift from Okawaru
 46874 | Vaults:3 | Found a magical portal.
 47033 | WizLab   | Entered The Chambers of the Cloud Mage
 47786 | WizLab   | Received a gift from Okawaru
 47879 | WizLab   | Noticed Cym Agic
 47898 | WizLab   | Killed Cym Agic the Cloud Mage
 48069 | WizLab   | Got a jewelled flail
 48070 | WizLab   | Identified the Almanac of Air
 48084 | WizLab   | Identified a +2 pair of boots of running (You found it in a
                  | wizard's laboratory)
 48086 | WizLab   | Got a brightly glowing jade ring
 48091 | WizLab   | Identified the ring "Tufey" {+Fly rF+ Will+++ Dex-3} (You
                  | found it in a wizard's laboratory)
 48097 | WizLab   | Got a scorched copper ring
 48214 | WizLab   | Identified the ring of Xoemez {+Fly Int+2 Slay+2} (You
                  | found it in a wizard's laboratory)
 48381 | Vaults:3 | Found a staircase to the Crypt.
 49100 | Vaults:3 | Reached XP level 20. HP: 198/198 MP: 28/28
 49612 | Elf:1    | Entered Level 1 of the Elven Halls
 49669 | Elf:1    | Found Inigrav's General Store.
 49703 | Elf:1    | Noticed Azrael
 49722 | Elf:1    | Killed Azrael
 49963 | Elf:1    | Identified the +7 flail of the Pure Allies {holy, Stlth+}
                  | (You found it in a wizard's laboratory)
 50029 | Elf:1    | Received a gift from Okawaru
 51411 | Elf:2    | Found a runed translucent gate.
 51411 | Elf:2    | Found a runed translucent gate.
 51412 | Elf:2    | Found a runed translucent gate.
 51440 | Elf:2    | Found Esehit's Distillery.
 51463 | Elf:2    | Bought a potion of heal wounds for 90 gold pieces
 51463 | Elf:2    | Bought a potion of curing for 54 gold pieces
 51463 | Elf:2    | Bought a potion of curing for 54 gold pieces
 51463 | Elf:2    | Bought a potion of heal wounds for 90 gold pieces
 51463 | Elf:2    | Bought a potion of curing for 54 gold pieces
 52092 | Elf:3    | Entered Level 3 of the Elven Halls
 52102 | Elf:3    | Found a frozen archway.
 52106 | IceCv    | Entered an ice cave
 52135 | IceCv    | Received a gift from Okawaru
 53128 | Elf:3    | Noticed Bai Suzhen
 53158 | Elf:3    | Killed Bai Suzhen
 53688 | Elf:3    | Reached XP level 21. HP: 195/210 MP: 30/30
 54107 | Elf:3    | Lost mutation: You are agile. (Dex +2) [potion of mutation]
 54107 | Elf:3    | Lost mutation: You expend magic power (3 MP) to strengthen
                  | your wands. [potion of mutation]
 54107 | Elf:3    | Lost mutation: Scrolls take you a little longer to read.
                  | [potion of mutation]
 54107 | Elf:3    | Gained mutation: You are resistant to electric shocks.
                  | (rElec) [potion of mutation]
 54107 | Elf:3    | Gained mutation: You expend magic power (3 MP) to
                  | strengthen your wands. [potion of mutation]
 54107 | Elf:3    | Gained mutation: You have sharp toenails. [potion of
                  | mutation]
 54473 | Elf:3    | Identified the cursed +0 lajatang of Midwinter {freeze,
                  | *Drain rC+++ MP+9 Dex+3}
 54908 | Elf:3    | Received a gift from Okawaru
 54915 | Elf:3    | Got a steaming tower shield {god gift}
 54925 | Elf:3    | Identified the +7 tower shield "Waserho" {Will+} (Okawaru
                  | gifted it to you on level 3 of the Elven Halls)
 54989 | Elf:3    | Found the +8 longbow "Zephyr" {speed, Dex+3 SInv}
 55080 | Elf:3    | Identified the Compendium of Floating Beguiling
 55518 | Vaults:4 | Found the +8 storm bow {elec, penet}
 55646 | Vaults:4 | Acquired a +1 pair of gloves of strength
 56408 | Vaults:4 | Received a gift from Okawaru
 56412 | Vaults:4 | Identified the +0 hat "Getsipop" {rF+} (Okawaru gifted it
                  | to you on level 4 of the Vaults)
 57244 | Vaults:5 | Entered Level 5 of the Vaults
 57290 | Vaults:4 | Reached XP level 22. HP: 222/222 MP: 24/31
 57672 | Vaults:4 | Reached skill level 10 in Evocations
 58025 | Vaults:5 | Noticed an ancient lich
 58031 | Vaults:5 | Received a gift from Okawaru
 58068 | Vaults:5 | Killed an ancient lich
 58128 | Vaults:5 | Got a silver rune of Zot
 58131 | Vaults:5 | Identified the +9 storm dragon scales of Weightlessness
                  | {rElec rF+}
 58176 | Vaults:5 | Noticed a golden dragon
 58188 | Vaults:5 | Killed a golden dragon
 58192 | Vaults:5 | Noticed a golden dragon
 58219 | Vaults:5 | Killed a golden dragon
 58412 | Vaults:5 | Noticed an ancient lich
 58418 | Vaults:5 | Killed an ancient lich
 58549 | Vaults:5 | Identified the +6 falchion "Qirphac" {vorpal, Int+2}
 58727 | Vaults:5 | Noticed an ancient lich
 58750 | Vaults:5 | Killed an ancient lich
 58888 | Vaults:5 | Received a gift from Okawaru
 58893 | Vaults:5 | Reached XP level 23. HP: 205/234 MP: 33/33
 59712 | Vaults:5 | Identified the Collected Works on the Earthen Blaze
 60023 | Vaults:5 | Reached skill level 15 in Dodging
 60222 | Depths:1 | Entered Level 1 of the Depths
 60342 | Depths:1 | Identified the amulet "Dotwy" {Faith rC+ Str+5 Int+4 Dex-3}
                  | (You found it on level 1 of the Depths)
 60364 | Depths:1 | Received a gift from Okawaru
 60494 | Depths:1 | Reached skill level 15 in Invocations
 60538 | Depths:1 | Received a gift from Okawaru
 60767 | Depths:1 | Found a gateway to Hell.
 61013 | Depths:1 | Found a one-way gate to the infinite horrors of the Abyss.
 61377 | Depths:1 | Found a one-way gate leading to the halls of Pandemonium.
 62311 | Depths:2 | Received a gift from Okawaru
 62703 | Depths:2 | Identified the Grimoire of the Supportive Rocks
 63018 | Depths:2 | Found Eleog's Jewellery Shoppe.
 63018 | Depths:2 | Found Cagg's Gadget Boutique.
 63019 | Depths:2 | Found Usiod's Jewellery Shoppe.
 63096 | Depths:2 | Reached XP level 24. HP: 221/246 MP: 33/33
 63330 | Depths:2 | Found a gateway to a ziggurat.
 63868 | Depths:3 | Found a corrupted altar of Lugonu.
 64564 | Depths:4 | Received a gift from Okawaru
 66075 | Depths:5 | Entered Level 5 of the Depths
 66132 | Depths:5 | Received a gift from Okawaru
 66526 | Depths:5 | Found a gate to the Realm of Zot.
 67121 | Zig:1    | Entered Level 1 of a ziggurat
 67253 | Zig:2    | Entered Level 2 of a ziggurat
 67585 | Zig:3    | Entered Level 3 of a ziggurat
 67624 | Zig:4    | Entered Level 4 of a ziggurat
 67642 | Zig:4    | Received a gift from Okawaru
 67654 | Zig:4    | Got an ichor-stained eveningstar {god gift}
 67656 | Zig:4    | Identified the +6 eveningstar of the Coin {flame, +Inv
                  | Str+3 Stlth+} (Okawaru gifted it to you on level 4 of a
                  | ziggurat)
 67877 | Zig:5    | Entered Level 5 of a ziggurat
 67897 | Zig:5    | Reached XP level 25. HP: 217/258 MP: 33/33
 68002 | Zig:6    | Entered Level 6 of a ziggurat
 68170 | Zig:7    | Entered Level 7 of a ziggurat
 68738 | D:5      | Fell from the grace of Okawaru
 68738 | D:5      | Became a worshipper of the Shining One
 69001 | Crypt:1  | Entered Level 1 of the Crypt
 69020 | Crypt:1  | Found a runed translucent door.
 69021 | Crypt:1  | Noticed Vailuoroe's ghost (veteran GrEE)
 69240 | Crypt:1  | Reached * piety under the Shining One
 69335 | Crypt:1  | Reached ** piety under the Shining One
 69466 | Crypt:1  | Reached *** piety under the Shining One
 69533 | Crypt:1  | Noticed Mennas
 69553 | Crypt:1  | Killed Mennas
 70005 | Crypt:1  | Killed Vailuoroe's ghost
 70040 | Crypt:2  | Reached **** piety under the Shining One
 70111 | Crypt:2  | Reached ***** piety under the Shining One
 70675 | Crypt:2  | Reached skill level 27 in Maces & Flails
 70967 | Crypt:3  | Entered Level 3 of the Crypt
 70989 | Crypt:3  | Reached ****** piety under the Shining One
 70999 | Crypt:3  | Identified a +9 sacred scourge of holy wrath (a +9 demon
                  | whip of electrocution blessed by the Shining One)
 70999 | Crypt:3  | Received a gift from the Shining One
 71063 | Crypt:3  | Found an ancient bone altar of Kikubaaqudgha.
 71310 | Crypt:3  | Identified the ring "Bynn" {+Inv rPois rN+ Will+ Str+3}
 71329 | Crypt:3  | Got a vibrating tin ring
 71330 | Crypt:3  | Identified the ring of Kilyoxkar {rN+ Str+6} (You found it
                  | on level 3 of the Crypt)
 71519 | Crypt:3  | Got a glittering diamond amulet
 71557 | Crypt:3  | Identified the amulet "Ewenimuff" {Spirit Str+6 Dex-2} (You
                  | found it on level 3 of the Crypt)
 71584 | Crypt:3  | Noticed an ancient lich
 71587 | Crypt:3  | Found a staircase to the Tomb.
 71596 | Crypt:3  | Killed an ancient lich
 71695 | Crypt:3  | Found the +9 scales of the Dragon King {rPois rF+ rC+
                  | Will+}
 72353 | Hell     | Entered the Vestibule of Hell
 72353 | Hell     | Noticed Geryon
 72373 | Hell     | Reached XP level 26. HP: 264/272 MP: 25/34
 72379 | Hell     | Killed Geryon
 72697 | Hell     | Found a gateway to the ashen valley of Gehenna.
 72849 | Hell     | Found a gateway to the decaying netherworld of Tartarus.
 72921 | Hell     | Found a gateway to the freezing wastes of Cocytus.
 73052 | Hell     | Found a gateway to the Iron City of Dis.
 73471 | D:4      | Fell from the grace of the Shining One
 73471 | D:4      | Became a worshipper of Zin the Law-Giver
 73471 | D:4      | Reached * piety under Zin
 73471 | D:4      | Reached ** piety under Zin
 73471 | D:4      | Reached *** piety under Zin
 73471 | D:4      | Reached **** piety under Zin
 73471 | D:4      | Reached ***** piety under Zin
 73714 | Depths:1 | Voluntarily entered the Abyss.
 73776 | Abyss:2  | Got a brightly glowing glass ring
 73777 | Abyss:2  | Identified the ring "Dyifawn" {MP+9 Str+2 SInv} (You found
                  | it on level 2 of the Abyss)
 74040 | Abyss:2  | Found a shimmering altar of Xom.
 74048 | Abyss:2  | Found a shimmering altar of Xom.
 74141 | Abyss:2  | Was forgiven by Okawaru
 74195 | Abyss:2  | Paralysed by accursed screaming for 1 turns
 74871 | Abyss:3  | Reached ****** piety under Zin
 74936 | Abyss:3  | Found a corrupted altar of Lugonu.
 74994 | Abyss:3  | Got an abyssal rune of Zot
 75004 | Depths:1 | Escaped the Abyss
 75504 | Slime:1  | Entered Level 1 of the Pits of Slime
 75933 | Slime:5  | Entered Level 5 of the Pits of Slime
 75986 | Slime:5  | Noticed the Royal Jelly
 76163 | Slime:5  | Killed the Royal Jelly
 76688 | Slime:5  | Paralysed by a floating eye for 3 turns
 77043 | Slime:5  | Got a warped amber ring
 77049 | Slime:5  | Got a slimy rune of Zot
 77051 | Slime:5  | Identified the amulet of Guefaaps {Regen+ Int+7} (You found
                  | it on level 5 of the Pits of Slime)
 77062 | Slime:5  | Identified Taif Qav's Almanac of the Rocks and
                  | Confrontation
 77083 | Slime:5  | Identified the ring of a Thousand Villages {rC+ Stlth-}
                  | (You found it on level 5 of the Pits of Slime)
 77089 | Slime:5  | Identified the Reference Book on Unholy Malediction
 77114 | Slime:5  | Acquired 991 gold pieces
 77176 | Slime:5  | Reached XP level 27. HP: 284/284 MP: 35/35
 77789 | D:5      | Fell from the grace of Zin
 77789 | D:5      | Became a worshipper of the Shining One
 78080 | Pan      | Entered Pandemonium
 78371 | Pan      | Noticed Oshicwuv the pandemonium lord
 78399 | Pan      | Killed Oshicwuv the pandemonium lord
 78776 | Pan      | Identified the ring of Viegiroi {*Tele Stlth+} (You found
                  | it on level 5 of the Pits of Slime)
 79201 | Pan      | Gained mutation: You are clumsy. (Dex -2) [a cacodemon]
 79417 | Pan      | Found a runed translucent door.
 79772 | Pan      | Gained mutation: Armour fits poorly on your strangely
                  | shaped body. [a neqoxec]
 79778 | Pan      | Lost mutation: You are robust. (+10% HP) [potion of
                  | mutation]
 79778 | Pan      | Lost mutation: You passively map a small area around you.
                  | [potion of mutation]
 79778 | Pan      | Lost mutation: You expend magic power (3 MP) to strengthen
                  | your wands. [potion of mutation]
 79778 | Pan      | Lost mutation: You have sharp toenails. [potion of
                  | mutation]
 79778 | Pan      | Gained mutation: Your muscles are strong. (Str +2) [potion
                  | of mutation]
 79778 | Pan      | Gained mutation: Scrolls take you a little longer to read.
                  | [potion of mutation]
 79778 | Pan      | Gained mutation: You evolve. [potion of mutation]
 79779 | Pan      | Lost mutation: Armour fits poorly on your strangely shaped
                  | body. [potion of mutation]
 79779 | Pan      | Lost mutation: You are resistant to electric shocks.
                  | (rElec) [potion of mutation]
 79779 | Pan      | Lost mutation: Scrolls take you a little longer to read.
                  | [potion of mutation]
 79779 | Pan      | Gained mutation: Your body sometimes deteriorates upon
                  | taking damage. [potion of mutation]
 79779 | Pan      | Gained mutation: You are frail. (-10% HP) [potion of
                  | mutation]
 79779 | Pan      | Gained mutation: Your muscles are very strong. (Str +4)
                  | [potion of mutation]
 79779 | Pan      | Gained mutation: You have a pair of large horns on your
                  | head. [potion of mutation]
 79780 | Pan      | Lost mutation: You have a pair of large horns on your head.
                  | [potion of mutation]
 79780 | Pan      | Lost mutation: You are clumsy. (Dex -2) [potion of
                  | mutation]
 79780 | Pan      | Lost mutation: You are frail. (-10% HP) [potion of
                  | mutation]
 79780 | Pan      | Lost mutation: Your body sometimes deteriorates upon taking
                  | damage. [potion of mutation]
 79780 | Pan      | Gained mutation: You are clumsy. (Dex -2) [potion of
                  | mutation]
 79780 | Pan      | Gained mutation: You have sharp toenails. [potion of
                  | mutation]
 80131 | Pan      | Gained mutation: Your magical capacity is low. (-10% MP) [a
                  | neqoxec]
 80398 | Pan      | Noticed Worrautri the pandemonium lord
 80730 | Pan      | Killed Worrautri the pandemonium lord
 80734 | Pan      | Gained mutation: You are dopey. (Int -2) [a neqoxec]
 81030 | Pan      | Lost mutation: You are dopey. (Int -2) [evolution]
 81362 | Pan      | Gained mutation: Scrolls take you a little longer to read.
                  | [a neqoxec]
 81444 | Pan      | Found a huge runed translucent gate.
 81446 | Pan      | Found a huge runed translucent gate.
 81446 | Pan      | Found a huge runed translucent gate.
 81447 | Pan      | Found a huge runed translucent gate.
 81480 | Pan      | Gained mutation: Armour fits poorly on your strangely
                  | shaped body. [a neqoxec]
 81860 | Pan      | Found a huge runed translucent gate.
 81860 | Pan      | Found a huge runed translucent gate.
 81860 | Pan      | Found a huge runed translucent gate.
 81980 | Pan      | Noticed Ilaicoll the pandemonium lord
 81991 | Pan      | Killed Ilaicoll the pandemonium lord
 82253 | Pan      | Identified the ring of the Ancients {rCorr MP+9 Str+4} (You
                  | found it in Pandemonium)
 82535 | Pan      | Noticed Faaq the pandemonium lord
 82548 | Pan      | Killed Faaq the pandemonium lord
 83731 | Pan      | Identified the ring of the Jester {rPois Dex+4 Stlth+} (You
                  | found it in Pandemonium)
 84839 | Pan      | Noticed Piono the pandemonium lord
 84847 | Pan      | Killed Piono the pandemonium lord
 85413 | Pan      | Got a demonic rune of Zot
 85654 | Pan      | Entered the realm of Gloorx Vloq.
 85977 | Pan      | Found an exit through the horrors of the Abyss.
 86287 | Pan      | Reached skill level 15 in Evocations
 86365 | Pan      | Noticed Gloorx Vloq
 86384 | Pan      | Killed Gloorx Vloq
 86795 | Pan      | Got a dark rune of Zot
 86958 | Pan      | Entered the realm of Mnoleg.
 86958 | Pan      | Found an exit through the horrors of the Abyss.
 87244 | Pan      | Gained mutation: Your magical capacity is very low. (-20%
                  | MP) [a shining eye]
 87258 | Pan      | Gained mutation: Your body sometimes deteriorates upon
                  | taking damage. [a cacodemon]
 87804 | Pan      | Lost mutation: You are clumsy. (Dex -2) [a neqoxec]
 87810 | Pan      | Gained mutation: Your skin changes colour to match your
                  | surroundings (Stealth+). [a neqoxec]
 87935 | Pan      | Gained mutation: You are partially covered in rugged brown
                  | scales. (AC +1, +3% HP) [a neqoxec]
 88699 | Pan      | Noticed Mnoleg
 88784 | Pan      | Killed Mnoleg
 88852 | Pan      | Gained mutation: You tend to lose your temper in combat. [a
                  | cacodemon]
 88862 | Pan      | Got a glowing rune of Zot
 88871 | Pan      | Gained mutation: You are dopey. (Int -2) [a neqoxec]
 89335 | Pan      | Noticed Otoqax the pandemonium lord
 89339 | Pan      | Killed Otoqax the pandemonium lord
 89977 | Pan      | Entered the realm of Cerebov.
 89982 | Pan      | Reached skill level 27 in Fighting
 90765 | Pan      | Identified the +9 fustibalus "Suics" {freeze, rC++ Stlth+}
 90765 | Pan      | Identified the +2 leather armour of Tartarus {rPois}
 90812 | Pan      | Identified the +10 trident "Xielosm" {vorpal, rElec rPois
                  | rN+}
 90812 | Pan      | Identified the +8 hand crossbow "Jisotigg" {elec, Int+3}
 90812 | Pan      | Identified the ring of Suspicion {*Corrode rPois rF- Str+4
                  | Dex+8}
 90830 | Pan      | Identified the +9 great mace of Jurui {speed, Stlth+}
 90834 | Pan      | Found the +6 sword of Cerebov {flame}
 90834 | Pan      | Noticed Cerebov
 91113 | Pan      | Identified the +9 quarterstaff of the Glowing Big Fish
                  | {drain, *Drain rF+ rN+ Dex+4}
 91149 | Pan      | Killed Cerebov
 91157 | Pan      | Gained mutation: You can translocate small distances at
                  | will. [evolution]
 91467 | Pan      | Identified the Handbook of the Voyage and Conjuration
 91472 | Pan      | Identified the +1 plate armour of the Thinker {Harm rC++
                  | rN+} (You found it in Pandemonium)
 91478 | Pan      | Identified Gius's Compendium of Scorching Transformation
 91562 | Pan      | Got a fiery rune of Zot
 92436 | Pan      | Noticed Vure Sit the pandemonium lord
 92443 | Pan      | Killed Vure Sit the pandemonium lord
 92453 | Pan      | Cast into level 3 of the Abyss (reaper)
 92731 | Abyss:3  | Found a corrupted altar of Lugonu.
 92740 | Pan      | Escaped the Abyss
 92971 | Pan      | Entered the realm of Lom Lobon.
 93019 | Pan      | Found an exit through the horrors of the Abyss.
 94206 | Pan      | Noticed Lom Lobon
 94228 | Pan      | Killed Lom Lobon
 94270 | Pan      | Got a magical rune of Zot
 94797 | Pan      | Took an exit into the Abyss.
 94797 | Abyss:1  | Escaped into the Abyss
 94907 | Depths:1 | Escaped the Abyss
 95233 | D:4      | Fell from the grace of the Shining One
 95233 | D:4      | Became a worshipper of Zin the Law-Giver
 95457 | Elf:2    | Bought a potion of mutation for 144 gold pieces
 95457 | Elf:2    | Bought 2 potions of mutation for 288 gold pieces
 95457 | Elf:2    | Bought a potion of mutation for 144 gold pieces
 95678 | Depths:1 | Voluntarily entered the Abyss.
 96235 | Abyss:2  | Found a sparkling altar of Nemelex Xobeh.
 96238 | Abyss:2  | Paralysed by accursed screaming for 1 turns
 96722 | Abyss:2  | Found a corrupted altar of Lugonu.
 97010 | Abyss:2  | Donated 5112 gold pieces to Zin
 97138 | Depths:1 | Escaped the Abyss
 97375 | Depths:1 | Lost mutation: You are dopey. (Int -2) [potion of mutation]
 97375 | Depths:1 | Lost mutation: Your body sometimes deteriorates upon taking
                  | damage. [potion of mutation]
 97375 | Depths:1 | Lost mutation: You have sharp toenails. [potion of
                  | mutation]
 97376 | Depths:1 | Lost mutation: You tend to lose your temper in combat.
                  | [potion of mutation]
 97376 | Depths:1 | Lost mutation: Your muscles are very strong. (Str +4)
                  | [potion of mutation]
 97377 | Depths:1 | Lost mutation: Armour fits poorly on your strangely shaped
                  | body. [potion of mutation]
 97377 | Depths:1 | Lost mutation: Scrolls take you a little longer to read.
                  | [potion of mutation]
 97377 | Depths:1 | Lost mutation: Your magical capacity is very low. (-20% MP)
                  | [potion of mutation]
 97377 | Depths:1 | Lost mutation: Your muscles are strong. (Str +2) [potion of
                  | mutation]
 97378 | Depths:1 | Lost mutation: Your magical capacity is low. (-10% MP)
                  | [potion of mutation]
 97378 | Depths:1 | Lost mutation: You are partially covered in rugged brown
                  | scales. (AC +1, +3% HP) [potion of mutation]
 97379 | Depths:1 | Lost mutation: Your skin changes colour to match your
                  | surroundings (Stealth+). [potion of mutation]
 97380 | Depths:1 | Lost mutation: You can translocate small distances at will.
                  | [potion of mutation]
 97380 | Depths:1 | Lost mutation: You evolve. [potion of mutation]
 97483 | Geh:1    | Entered Level 1 of Gehenna
 98994 | Geh:2    | You fall into a shaft and drop 1 floor!
102711 | Geh:5    | Found the +7 great mace "Firestarter" {inner flame, rF++}
102931 | Geh:5    | Learned a level 8 spell: Ignition
103329 | Geh:6    | Reached skill level 1 in Fire Magic
103549 | Geh:6    | Reached skill level 1 in Spellcasting
104776 | Geh:7    | Entered Level 7 of Gehenna
107846 | Geh:7    | Found the +7 sceptre of Asmodeus
107846 | Geh:7    | Noticed Asmodeus
107863 | Geh:7    | Killed Asmodeus
107864 | Geh:7    | Reached skill level 5 in Fire Magic
108012 | Geh:7    | Got an obsidian rune of Zot
108209 | Tar:1    | Entered Level 1 of Tartarus
110700 | Zot:1    | Entered Level 1 of the Realm of Zot
111700 | Zot:1    | Found a runed translucent gate.
111700 | Zot:1    | Found a runed translucent gate.
111700 | Zot:1    | Found a runed translucent gate.
111701 | Zot:1    | Noticed Jofris Vesimp's ghost (legendary GnFE)
111763 | Zot:1    | Killed Jofris Vesimp's ghost
111764 | Zot:1    | Reached skill level 5 in Spellcasting
112348 | D:13     | Killed PigKeeper's ghost
113408 | Zot:2    | Found the +4 dragonskin cloak
113408 | Zot:2    | Noticed Tiamat
113525 | Zot:2    | Found the +3 crown of Dyrovepreva {rElec Int+2 SInv}
113540 | Zot:2    | Killed Tiamat
113565 | Zot:2    | Identified the ring of Stoicism {AC+4 Int+3} (You found it
                  | on level 2 of the Realm of Zot)
113984 | Zot:2    | You fall into a shaft and drop 2 floors!
114042 | Zot:4    | Found a transporter.
115043 | Zot:3    | Found the amulet of the Four Winds {rN+ Will+++ Clar}
115081 | Zot:3    | Found the +6 Majin-Bo {vamp, MP+6 Int+6}
115230 | Zot:3    | Identified the +8 broad axe of morax's Misery {freeze, rN+
                  | MP+9} (You found it on level 3 of the Realm of Zot)
115244 | Zot:3    | Identified the ring "Zeuv" {Wiz Str+4} (You found it on
                  | level 3 of the Realm of Zot)
115313 | Zot:3    | Identified the Incunabulum of Bewitching Sinister Magic
115316 | Zot:3    | Identified the ring "Ury Gyer" {MP+9 Int+2} (You found it
                  | on level 3 of the Realm of Zot)
115439 | Zot:3    | Reached skill level 10 in Fire Magic
116702 | Zot:4    | Found a transporter.
117353 | Zot:5    | Entered Level 5 of the Realm of Zot
118214 | Zot:5    | Noticed an ancient lich
118223 | Zot:5    | Killed an ancient lich
118288 | Zot:5    | Noticed an orb of fire
118304 | Zot:5    | Killed an orb of fire
118329 | Zot:5    | Noticed an ancient lich
118345 | Zot:5    | Killed an ancient lich
118353 | Zot:5    | Noticed an ancient lich
118362 | Zot:5    | Gained mutation: You are occasionally teleported next to
                  | monsters. [mutagenic glow]
118372 | Zot:5    | Killed an ancient lich
118973 | Zot:5    | Noticed an orb of fire
119167 | Zot:5    | Noticed an orb of fire
119172 | Zot:5    | Killed an orb of fire
119177 | Zot:5    | Noticed an ancient lich
119179 | Zot:5    | Noticed an ancient lich
119181 | Zot:5    | Noticed an ancient lich
119198 | Zot:5    | Killed an orb of fire
119199 | Zot:5    | Lost mutation: You are occasionally teleported next to
                  | monsters. [potion of mutation]
119205 | Zot:5    | Killed an ancient lich
119211 | Zot:5    | Killed an ancient lich
119218 | Zot:5    | Killed an ancient lich
119219 | Zot:5    | Reached skill level 27 in Invocations
122578 | Tar:3    | You fall into a shaft and drop 2 floors!
122993 | Tar:5    | You fall into a shaft and drop 1 floor!
123015 | Tar:7    | Entered Level 7 of Tartarus
123664 | Tar:3    | Reached skill level 27 in Armour
123782 | Tar:3    | Reached skill level 27 in Shields
125959 | Zot:5    | Got the Orb of Zot
125993 | Zot:5    | Noticed Extib the pandemonium lord
126171 | Depths:4 | Noticed Cynkemo the pandemonium lord
126180 | Depths:4 | Killed Cynkemo the pandemonium lord
126189 | Depths:4 | Noticed Muban the pandemonium lord
126204 | Depths:4 | Killed Muban the pandemonium lord
126483 | D:10     | Reached skill level 10 in Spellcasting
126719 | D:$      | Escaped with the Orb!

Illustrated notes

Levels and vault maps discovered:
D:1:      dpeg_arrival_another_circle, layout_loops_ring
D:2:      layout_loops_ring, serial_forest, infiniplex_forest_straight_1,
          infiniplex_forest_zigzag_2, infiniplex_forest_straight_1,
          infiniplex_forest_lined_1, infiniplex_forest_clump_cross,
          infiniplex_forest_straight_4, infiniplex_forest_clump_curved,
          chequers_ecumenical_altar_twisty, uniq_terence
D:3:      layout_rooms, minmay_cupped, uniq_sigmund, uniq_grinder
D:4:      layout_gridville, zin_purify
D:5:      layout_basic, lemuel_crystal_altar, okawaru_altar_gauntlet_db
D:6:      lemuel_insect_pit, layout_cave_pods, elyvilon_altar_1, basic_altar,
          enter_ossuary_3, serial_shops, kennysheep_little_box
D:7:      layout_basic, xom_teletrap_fun, minmay_temple_entry_stoned_glass,
          makhleb_altar_promises_db, uniq_prince_ribbit1
D:8:      wander_kiku_kobolds, layout_basic, lemuel_zombie_altar_kikubaaqudgha,
          serial_shops, nicolae_shop_waterfront, corexii_leaking_fountain
D:9:      layout_roguey, nemelex_xobeh_ov_fountains_minmay, serial_shops, shop
D:10:     gammafunk_corrupted_shrine, layout_long_grid, david_lair_shrubbed,
          basic_altar, serial_shops, shop
D:11:     layout_basic, uniq_erica
D:12:     layout_loops_corners, zombieorc2_lemuel, gauntlet_entry_generic
D:13:     layout_basic, david_vaults_1, ebering_ghost_funeral_grove
D:14:     layout_grid_maze, minivault_28
D:15:     hangedman_depths_entry_try_elsewhere_first, layout_loops_ring,
          serial_shops, shop, basic_altar, chequers_serial_rivers_large_b,
          uniq_nessos
Lair:1:   layout_long_grid, gammafunk_lair_bear_cave, lemuel_fruit_tree,
          uniq_nergalle, uniq_maggie
Lair:2:   layout_gridlike, nicolae_spider_entry_tight_spaces,
          lemuel_fruit_fields
Lair:3:   layout_roguey, elwin_shoals_entry_rooms,
          chequers_serial_rivers_micro_d, serial_bayou_shore_a,
          minmay_lair_oklob_chamber
Lair:4:   layout_long_grid, infiniplex_staircase_pool_2, grunt_megastairs_5
Lair:5:   layout_gridlike, nicolae_slime_entry_slimehenge, grunt_megastairs_1
Lair:6:   hangedman_lair_in_review, layout_long_grid, serial_bayou_pond_d
Shoals:1: layout_shoals
Shoals:2: layout_shoals
Shoals:3: layout_shoals, nicolae_shoals_aquamancer_cove
Shoals:4: shoals_end_grunt_garden, layout_shoals, serial_shops,
          nicolae_shop_behind_doors
Spider:1: layout_spider_delve, uniq_louise
Spider:2: layout_chambers, drop_trap, uniq_frances
Spider:3: layout_spider_delve
Spider:4: guppyfry_spider_rune, ebering_ghost_rock_garden
Slime:1:  cheibrodos_slime_lost_civilization_3, layout_caves
Slime:2:  layout_caves, cheibrodos_slime_lost_civilization_7, uniq_dissolution
Slime:3:  layout_caves
Slime:4:  layout_caves, cheibrodos_slime_lost_civilization_5
Slime:5
Orc:1:    nicolae_orc_accident_1, layout_diamond_mine
Orc:2:    grunt_orc_community_town_hall, layout_diamond_mine,
          grunt_orc_community_big_house_1, grunt_orc_community_big_house_1,
          grunt_orc_community_house_3, grunt_orc_community_house_2,
          grunt_orc_community_house_1, grunt_orc_community_house_2,
          nicolae_orc_rockfall
Elf:1:    eino_elf_arrival_sip, layout_loops_cross, serial_shops,
          shop_fountains, minmay_elf_crystal_hexagon, uniq_azrael
Elf:2:    layout_loops_cross, serial_shops, nicolae_shop_trees
Elf:3:    minmay_elf_hall, layout_geoelf_diagonals,
          portal_ice_cave_entry_pillars_three, uniq_bai_suzhen
Vaults:1: v_misc_29, hangedman_vaults_unwind, vaults_room_fancy_cross, v_misc_4,
          v_misc_10, hangedman_vaults_slice, nicolae_vaults_little_squares_2,
          nicolae_vaults_display_case, nicolae_vaults_yaktaur_gun_rack,
          layout_vaults_omnigrid
Vaults:2: v_misc_22, v_misc_22, hangedman_vaults_hat,
          nicolae_vaults_specimen_jars, vaults_room_large_hall,
          vaults_room_door_ring, grunt_vaults_twisty, st_check,
          vaults_mumra_lcd, dpeg_vaults_monster_box, vaults_room_fancy_cross,
          layout_vaults_maze
Vaults:3: nicolae_vaults_big_angled_halls, minmay_crypt_entry_simple_corners,
          hangedman_vaults_corner, v_misc_4, v_rooms_5, hangedman_vaults_trim,
          ontoclasm_vaults_bender, hangedman_vaults_restitches, v_alt_pattern_2,
          nicolae_vaults_little_squares_4, layout_vaults_omnicross,
          mu_enter_wizlab_1, uniq_saint_roka
Vaults:4: vaults_room_pools, vaults_room_grid,
          hangedman_vaults_stretched_pinwheel, hangedman_vaults_slither,
          vaults_room_fancy_cross, nicolae_vaults_network_barrier,
          minmay_guarded_unrand_secular_launcher, nicolae_vaults_back_hallway,
          v_misc_2, v_rooms_2, ontoclasm_vaults_ligature,
          hangedman_vaults_cutoff, vaults_room_stairs_pillars, v_misc_5,
          nicolae_vaults_little_ls, v_alt_pattern_3, layout_vaults_omnibox
Vaults:5: serial_shops
Crypt:1:  layout_chaotic_city, gammafunk_ghost_grave, lemuel_statue_altar,
          grunt_crypt_arrival_split, uniq_mennas, uniq_margery
Crypt:2:  layout_gridlike, st_stairs_6, grunt_ministairs_3,
          corexii_hall_statues_u
Crypt:3:  grunt_crypt_end_deaths_head
Depths:1: layout_gridlike, hell_entry, roderic_lattice_a,
          hangedman_abyss_entry_splay, rand_demon_pan_entry_9,
          hangedman_decor_riveting, drop_trap, fountainhead
Depths:2: evilmike_diamond_1, layout_gridlike, enter_ziggurat_c,
          pf_hell_entry_tar_river, infiniplex_staircase_squiggle,
          minmay_shop_grove
Depths:3: due_chaos_kobolds, layout_cave_pools, nicolae_two_hexagons,
          rand_demon_pan_entry_4, hell_entry, kennysheep_underground_church,
          minmay_staircase_bubble
Depths:4: minmay_imperfect_grid, layout_basic, kennysheep_small_spiral,
          pan_entry, hell_entry, abyss_entry
Depths:5: evilmike_zot_entry_diamond, layout_cave_shapes, hell_entry,
          nicolae_lava_and_water
Hell
Geh:1:    layout_gehenna_lava_caves
Geh:2:    layout_gehenna_lava_caves
Geh:3:    layout_gehenna_pools_box, hangedman_mysterious_dungeon_monster_house
Geh:4:    layout_gehenna_lava_caves
Geh:5:    minmay_firetagon, layout_gehenna_pools_basic, lemuel_old_faithful
Geh:6:    layout_gehenna_pools_triple, lemuel_flamethrower_3
Geh:7:    geh_grunt
Tar:1:    layout_catacombs, nicolae_tar_cuneiform_bread
Tar:2:    layout_grid_maze
Tar:3:    layout_grid_maze, grunt_megastairs_2
Tar:4:    layout_grid_maze, nicolae_tar_cuneiform_not
Tar:5:    layout_catacombs, hangedman_tartarus_temple_path
Tar:6:    layout_cathedral_of_symmetry
Tar:7:    tar_old
Zot:1:    layout_misc_corridors, ebering_ghost_rock_garden
Zot:2:    layout_onion_interference, st_single_dragon_hoard_2,
          st_grand_hoard_of_tiamat
Zot:3:    layout_cathedral_of_symmetry, st_large_dragon_hoard_2
Zot:4:    gammafunk_dig_for_victory, layout_concentric_octagons
Zot:5:    layout_basic

Skill      XL: |  1  2  3  4  5  6  7  8  9 10 11 12 13 14 15 16 17 18 19 20 21 22 23 24 25 26 27 |
---------------+----------------------------------------------------------------------------------+-----
Long Blades    | 3 4 5 6 |  6.2
Maces & Flails | 4 6 8 11 13 14 15 16 17 18 19 20 21 22 23 24 25 26 27 | 27.0
Invocations    | 2 4 6 7 8 9 10 11 12 13 14 15 16 18 27 | 27.0
Dodging        | 2 4 5 7 8 9 10 11 12 13 14 15 16 17 24 | 24.7
Fighting       | 5 6 7 9 10 11 13 14 15 17 18 19 20 21 22 23 27 | 27.0
Armour         | 5 6 7 9 11 12 14 15 16 17 18 19 20 27 | 27.0
Shields        | 5 6 7 9 11 12 14 15 16 17 18 19 20 27 | 27.0
Evocations     | 2 3 4 5 6 7 8 9 10 11 12 13 20 | 20.7
Stealth        | 2 3 5 |  5.5
Fire Magic     | 14 | 14.6
Spellcasting   | 10 | 10.0

Action                   |  1- 3 |  4- 6 |  7- 9 | 10-12 | 13-15 | 16-18 | 19-21 | 22-24 | 25-27 || total
-------------------------+-------+-------+-------+-------+-------+-------+-------+-------+-------++-------
Melee: Long sword        |    74 |    21 |       |       |       |       |       |       |       ||    95
       Headbutt          |    11 |    34 |    70 |   165 |   393 |   435 |   497 |   572 |  2243 ||  4420
       Whip              |       |   135 |    48 |       |       |       |       |       |       ||   183
       Flail             |       |       |   333 |   426 |       |       |       |       |       ||   759
       Mace              |       |       |       |   305 |   712 |       |       |       |       ||  1017
       Demon whip        |       |       |       |       |   705 |  1728 |  1584 |  1555 |    48 ||  5620
       Eveningstar       |       |       |       |       |       |       |       |       |  1640 ||  1640
       Sacred scourge    |       |       |       |       |       |       |       |       |  5778 ||  5778
Invok: Heroism           |       |       |       |     4 |     6 |     3 |     7 |       |       ||    20
       Finesse           |       |       |       |     3 |     5 |     3 |     7 |       |       ||    18
       Cleansing Flame   |       |       |       |       |       |       |       |       |    50 ||    50
       Brand Weapon With |       |       |       |       |       |       |       |       |     1 ||     1
       Vitalisation      |       |       |       |       |       |       |       |       |    15 ||    15
       Recite            |       |       |       |       |       |       |       |       |    13 ||    13
       Divine Shield     |       |       |       |       |       |       |       |       |     4 ||     4
       Donate Gold       |       |       |       |       |       |       |       |       |     1 ||     1
Evoke: Wand              |       |       |       |    16 |    17 |    28 |    10 |     4 |    35 ||   110
  Use: Scroll            |       |     9 |     7 |    12 |    21 |    15 |    13 |     6 |    44 ||   127
       Potion            |       |     6 |     4 |     6 |     3 |     5 |     2 |     1 |    47 ||    74
 Stab: Distracted        |       |       |       |     3 |     2 |       |       |     1 |     1 ||     7
       Sleeping          |       |       |       |     2 |     4 |       |       |       |       ||     6
       Confused          |       |       |       |       |       |       |       |       |    19 ||    19
       Paralysed         |       |       |       |       |       |       |       |       |     3 ||     3
       Invisible         |       |       |       |       |       |       |       |       |     2 ||     2
Armor: Scale mail        |    19 |    49 |    88 |   164 |   162 |       |       |       |       ||   482
       Skin              |       |     1 |       |       |       |       |       |       |       ||     1
       Gold dragon scale |       |       |       |       |   167 |   611 |   134 |       |       ||   912
       Crystal plate arm |       |       |       |       |       |       |   193 |   403 |  1762 ||  2358
Dodge: Dodged            |    20 |    37 |    51 |   157 |   264 |   378 |   242 |   394 |  2247 ||  3790
Block: Kite shield       |    37 |   105 |   242 |   443 |   292 |  1296 |   935 |  1174 |  6041 || 10565
       Reflection        |       |     1 |    16 |    37 |    53 |   127 |    88 |    17 |       ||   339
       Tower shield      |       |       |       |       |   895 |       |     2 |       |       ||   897
       Rpst.: Long sword |     4 |     6 |       |       |       |       |       |       |       ||    10
